 Dungeon Crawl Stone Soup version 0.31-a0-180-g519b7de00c (webtiles) character file.

Game seed: 14524453246537905787

1514 promet the Magician (level 8, 0/48 HPs)
             Began as a Deep Elf Summoner on June 19, 2023.
             Was an Initiate of Hepliaklqana.
             Engulfed by a steam dragon's steam (12 damage)
             ... on level 6 of the Dungeon on June 20, 2023.
             The game lasted 00:42:06 (8679 turns).

promet the Magician (Deep Elf Summoner)             Turns: 8679, Time: 00:42:06

Health: 0/48       AC: 14    Str:  7    XL:     8   Next: 53%
Magic:  21/21      EV: 12    Int: 27    God:    Hepliaklqana [......]
Gold:   310        SH:  0    Dex: 15    Spells: 13/22 levels left

rFire   . . .        r - +0 scythe
rCold   . . .        (shield currently unavailable)
rNeg    . . .        J - +2 leather armour {rPois}
rPois   +            (helmet restricted)
rElec   .            e - +1 cloak
rCorr   .            (no gloves)
SInv    .            F - +0 pair of boots
Will    .....        (no amulet)
Stlth   +            l - +6 ring of intelligence
HPRegen 0.28/turn    w - +4 ring of protection
MPRegen 0.17/turn

%: no passive effects
@: confused, ambrosia-drunk
A: antennae 1, iridescent scales 1
a: Renounce Religion


You were on level 6 of the Dungeon.
You worshipped Hepliaklqana.
Hepliaklqana was noncommittal.
You visited 2 branches of the dungeon, and saw 7 of its levels.

You collected 310 gold pieces.

Inventory:

Hand Weapons
 a - a +1 long sword of holy wrath
 b - a +0 orcbow
 c - a +0 club
 n - a +0 war axe
 r - a +0 scythe (weapon)
 s - a +0 rapier
 v - a +0 short sword
 D - a +4 dagger
 E - a +2 short sword of venom
Missiles
 d - 44 stones
 q - 17 poisoned darts (quivered)
 u - 6 curare-tipped darts
 y - 5 boomerangs
Armour
 e - a +1 cloak (worn)
 F - a +0 pair of boots (worn)
 J - a +2 leather armour of poison resistance (worn)
Magical Staves
 o - a staff of cold
Jewellery
 f - a ring of ice
 l - a +6 ring of intelligence (left hand)
 w - a +4 ring of protection (right hand)
 z - a ring of fire
Wands
 h - a wand of charming (13)
 K - a wand of iceblast (4)
Scrolls
 t - 2 scrolls of poison
 x - a scroll of vulnerability {unknown}
 A - 3 scrolls of identify
 B - a scroll of amnesia
 H - a scroll of blinking {unknown}
 I - a scroll of revelation
Potions
 g - a potion of mutation
 i - 2 potions of ambrosia
 j - a potion of invisibility {unknown}
 k - 2 potions of curing {unknown}
 m - a potion of resistance {unknown}
 p - 2 potions of enlightenment {unknown}
 C - a potion of haste {unknown}
 G - a potion of magic


   Skills:
 * Level 4.0 Fighting
 + Level 0.8(0.9) Short Blades
 + Level 0.1(0.4) Long Blades
 + Level 1.7 Polearms
 + Level 1.7 Ranged Weapons
 + Level 0.5 Throwing
 + Level 0.3 Armour
 + Level 3.5 Dodging
 + Level 3.9 Stealth
 + Level 7.8 Spellcasting
 + Level 1.2 Hexes
 + Level 7.5 Summonings


You had 13 spell levels left.
You knew the following spells:

 Your Spells              Type           Power      Damage    Failure   Level
a - Summon Small Mammal   Summ           100%       N/A       1%          1
b - Call Imp              Summ           100%       N/A       1%          2
c - Call Canine Familiar  Summ           51%        N/A       1%          3
d - Summon Guardian Gole  Hex/Summ       34%        N/A       3%          3

Your spell library contained the following spells:

 Spells                   Type           Power      Damage    Failure   Level
 Freeze                   Ice            40%        1d6       8%          1
 Necrotise                Necr           40%        1d6       8%          1
 Summon Lightning Spire   Summ/Air       31%        N/A       16%         4
 Frozen Ramparts          Ice            20%        1d4       24%         3
 Hailstorm                Conj/Ice       10%        3d5       24%         3
 Vampiric Draining        Necr           10%        2d6       24%         3
 Agony                    Necr           10%        N/A       91%         5


Dungeon Overview and Level Annotations

Branches:
Dungeon (6/15)             Temple (1/1) D:5

Altars:
Ashenzari
Dithmenos
Gozag
Hepliaklqana
Kikubaaqudgha
Makhleb
Nemelex Xobeh
Okawaru
Ru
Sif Muna
Trog
Uskayaw
Wu Jian
Xom
Yredelemnul
Zin


Innate Abilities, Weirdness & Mutations

You have a pair of small antennae on your head.
You are partially covered in iridescent scales. (AC +2)


Message History

The steam dragon claws you but does no damage.
Your wolf is engulfed in a cloud of scalding steam.
Your wolf dies!
Your wolf's corpse disappears in a puff of smoke!
You slash the steam dragon!
The steam dragon is moderately wounded.
The steam dragon bites you.
* * * LOW HITPOINT WARNING * * *
The steam dragon misses you.
The steam dragon completely misses you. x2
Casting: Call Canine Familiar (safe; 1% risk of failure)
Confirm with . or Enter, or press ? or * to list all spells.
A guardian golem appears, shielding your allies.
The steam dragon breathes steam at you. The ball of steam hits you.
* * * LOW HITPOINT WARNING * * *
It was a potion of ambrosia.
You are confused.
You feel invigorated.
You are engulfed in a cloud of scalding steam.
The steam dragon bites you.
* * * LOW HITPOINT WARNING * * *
The steam dragon claws you.
* * * LOW HITPOINT WARNING * * *
You're too confused to cast spells.
You slash the steam dragon!
The steam dragon is severely wounded.
You are engulfed in a cloud of scalding steam.
The steam dragon bites you.
* * * LOW HITPOINT WARNING * * *
The steam dragon claws you.
* * * LOW HITPOINT WARNING * * *
You are too confused!
You're too confused to cast spells.
You bump into the rock wall.
You are engulfed in a cloud of scalding steam.
The steam dragon bites you but does no damage.
The steam dragon claws you but does no damage.
You bump into the rock wall.
You are engulfed in a cloud of scalding steam.
You die...

############ ..##.......#
..##)......# #####
...........######).<#######
..##..............†........
..##.......#####§.#.#######
.###..........#.§##.#
..##.......##.9.###.##
#.#####....##.#D@##..###
###### #.#
#.#...#.##§###.S.#####.....
#.# #.#.#...
#....##..#......#. #.##
##.#..##........Sc9..####...
#..###..# #..###...#S..#
#.## ........## ##.
###...### #..## .......<.#
#. #...# ##.## ..........#
## #.#(# ..## ..........#
#..SD .f##


You could see a steam dragon (ally target) and a friendly guardian golem
(summoned).

Vanquished Creatures
  A centaur (D:5)
  A hound (D:6)
  An orc priest (D:4)
  An adder (D:4)
  7 orcs
  A ball python (D:3)
  2 bats
  6 endoplasms
  A giant cockroach (D:3)
  A jackal (D:1)
  A frilled lizard (D:2)
  2 goblins
  2 rats
  A rat zombie (D:5)
28 creatures vanquished.

Vanquished Creatures (collateral kills)
  Sigmund (D:2)
  A water moccasin (D:5)
  2 black bears
  A phantom (D:5)
  A scorpion (D:5)
  3 wights (D:5)
  2 jellies
  An orc priest (D:5)
  A sleepcap (D:4)
  4 orc wizards
  A gnoll (D:1)
  5 adders
  2 white imps
  An ufetubus (D:5)
  A worm (D:5)
  5 dart slugs
  14 orcs
  3 endoplasms
  2 goblins (D:1)
  5 hobgoblins
  4 jackals
  2 kobolds
  4 quokkas
  6 ball pythons
  7 bats
  3 frilled lizards
  3 rats
  A rat zombie (D:5)
86 creatures vanquished.

Vanquished Creatures (others)
  A centaur (D:6)
  2 wights (D:5)
  An iguana (D:4)
  An adder (D:6)
  An orc (D:5)
6 creatures vanquished.

Grand Total: 120 creatures vanquished

Notes
Turn   | Place    | Note
-------+----------+-------------------------------------------
     0 | D:1      | promet the Deep Elf Summoner began the quest for the Orb.
     0 | D:1      | Reached XP level 1. HP: 10/10 MP: 6/6
   285 | D:1      | Reached XP level 2. HP: 6/15 MP: 6/8
   459 | D:1      | Learned a level 2 spell: Call Imp
   865 | D:1      | Reached skill level 5 in Summonings
   878 | D:1      | Reached XP level 3. HP: 18/20 MP: 5/9
  1264 | D:1      | Found a faded altar of an unknown god.
  1639 | D:2      | Reached skill level 1 in Fighting
  1928 | D:2      | Noticed Sigmund
  1990 | D:2      | Killed Sigmund
  1991 | D:2      | Reached XP level 4. HP: 4/26 MP: 6/12
  1991 | D:2      | Reached XP level 5. HP: 5/30 MP: 7/14
  3293 | D:3      | Learned a level 3 spell: Call Canine Familiar
  3814 | D:3      | Reached skill level 5 in Spellcasting
  4007 | D:3      | Reached XP level 6. HP: 35/35 MP: 12/15
  4026 | D:3      | Learned a level 3 spell: Summon Guardian Golem
  4126 | D:3      | Gained mutation: You have a pair of small antennae on your
                  | head. [potion of mutation]
  4126 | D:3      | Gained mutation: You are partially covered in iridescent
                  | scales. (AC +2) [potion of mutation]
  6328 | D:4      | You fall into a shaft and drop 2 floors!
  6350 | D:6      | Found a glowing silver altar of Zin.
  6350 | D:6      | Noticed a steam dragon
  6352 | D:6      | Noticed a water moccasin
  6367 | D:6      | Reached XP level 7. HP: 40/40 MP: 9/17
  6370 | D:5      | Entered Level 5 of the Dungeon
  6759 | D:5      | Found an opulent altar of Gozag.
  6884 | D:5      | Reached skill level 1 in Polearms
  7817 | D:5      | Reached skill level 1 in Ranged Weapons
  7817 | D:5      | Reached skill level 1 in Hexes
  7817 | D:5      | Reached XP level 8. HP: 39/46 MP: 12/20
  7881 | D:5      | Found a staircase to the Ecumenical Temple.
  7893 | Temple   | Entered the Ecumenical Temple
  7930 | Temple   | Became a worshipper of Hepliaklqana the Forgotten
  8508 | D:5      | Found an ancient bone altar of Kikubaaqudgha.
  8679 | D:6      | Engulfed by a steam dragon's steam

Illustrated notes

Levels and vault maps discovered:
D:1:      denvon_arrival_waterhouse, layout_rooms,
          ebering_ecumenical_altar_mist, corexii_leaking_fountain,
          minmay_misc_feat_roman
D:2:      layout_rooms, minmay_hedge_maze, chequers_arboretum, uniq_sigmund
D:3:      layout_loops_corners, hangedman_abyss_or_decor_lesser_grid
D:4:      layout_loops_corners, chequers_serial_rivers_marsh
D:5:      layout_loops_cross, amcnicky_altar_gilded,
          lemuel_zombie_altar_kikubaaqudgha, minmay_temple_entry_stoned_glass
D:6:      layout_rooms, abandoned_shop, minmay_ruined_shrine
Temple:   eino_temple_lava

Skill      XL: |  1  2  3  4  5  6  7  8 |
---------------+-------------------------+-----
Summonings     | 5 6 7 |  7.5
Fighting       | 1 2 3 4 |  4.0
Spellcasting   | 4 5 7 |  7.8
Stealth        | 3 |  3.9
Dodging        | 3 |  3.5
Polearms       | 1 |  1.7
Ranged Weapons | 1 |  1.7
Hexes          | 1 |  1.2
Short Blades   | |  0.8
Long Blades    | |  0.1
Throwing       | |  0.5
Armour         | |  0.3

Action                     |  1- 3 |  4- 6 |  7- 9 || total
---------------------------+-------+-------+-------++-------
  Melee: Club              |     6 |       |       ||     6
         Short sword       |    25 |    23 |       ||    48
         Unarmed           |     2 |       |       ||     2
         Halberd           |       |   111 |    34 ||   145
         Long sword        |       |       |     9 ||     9
   Fire: Orcbow            |       |       |     7 ||     7
  Throw: Dart              |     5 |       |       ||     5
         Stone             |       |     1 |       ||     1
   Cast: Summon Small Mamm |    35 |    42 |     8 ||    85
         Call Imp          |     8 |    13 |     8 ||    29
         Call Canine Famil |       |     8 |    11 ||    19
         Summon Guardian G |       |     4 |     6 ||    10
    Use: Scroll            |     5 |     3 |     1 ||     9
         Potion            |       |     1 |     1 ||     2
   Stab: Sleeping          |       |     6 |       ||     6
         Distracted        |       |       |     2 ||     2
 Armour: Robe              |    19 |    26 |    11 ||    56
         Leather armour    |       |       |    33 ||    33
  Dodge: Dodged            |    29 |    52 |    55 ||   136

Table legend: (Time is in decaauts)
 A = Elapsed time spent in this place.
 B = Non-inter-level travel time spent in this place.
 C = Inter-level travel time spent in this place.
 D = Time resting spent in this place.
 E = Time spent auto-exploring this place.
 F = Levels seen in this place.
 G = Mean time per level.
                   A        B        C        D        E       F      G
               +--------+--------+--------+--------+--------+-----+--------+
         Total |   8764 |   8619 |    145 |   3294 |   1718 |   7 | 1252.0 |
       Dungeon |   8709 |   8564 |    145 |   3294 |   1718 |   6 | 1451.5 |
        Temple |     54 |     54 |      0 |      0 |      0 |   1 |   54.0 |
               +--------+--------+--------+--------+--------+-----+--------+

Top non-repeatable levels by time:
     D:4: 2031 daAuts
     D:2: 1831 daAuts
     D:5: 1720 daAuts
     D:3: 1510 daAuts
     D:1: 1480 daAuts
     D:6: 135 daAuts
  Temple: 54 daAuts
